[Event "Titled Tuesday Blitz February 07 Early 2023"]
[White "Kleiman, Jake"]
[Black "Balint, Vilmos"]
[WhiteFideId "2020041"]
[BlackFideId "718050"]
[WhiteElo "2399"]
[BlackElo "2169"]
[Result "1-0"]
[Round "02"]
[TimeControl "180+2"]
[Date "2023.02.07"]
[WhiteClock "0:01:34"]
[BlackClock "0:01:32"]

1. g3 g6 2. Bg2 Nf6 3. Nf3 Bg7 4. O-O O-O 5. d3 d5 6. Nbd2 c5 7. e4 dxe4 8. dxe4 Nc6 9. c3 e5 10. Qe2 h6 11. Rd1 Qc7 12. a4 b6 13. Nc4 Bb7 14. b3 Rad8 15. Bb2 Ba6 16. Nfd2 Rd7 17. Qe1 Rfd8 18. Ne3 Na5 19. Nd5 Nxd5 20. exd5 c4 21. b4 Nb3 22. Nxb3 cxb3 23. c4 Bxc4 24. Rac1 a6 25. b5 axb5 26. axb5 Qc5 27. Bf1 Rxd5 28. Rxd5 Qxd5 29. Bxc4 1-0


[Site "https://www.chess.com"]

[Event "Titled Tuesday Blitz February 07 Early 2023"]
[White "Prudnykova, Olga"]
[Black "Slade, Theodore"]
[WhiteFideId "14121093"]
[BlackFideId "426547"]
[WhiteElo "2268"]
[BlackElo "1995"]
[Result "1-0"]
[Round "02"]
[TimeControl "180+2"]
[Date "2023.02.07"]
[WhiteClock "0:00:07"]
[BlackClock "0:00:04"]

1. e4 e5 2. d4 exd4 3. Qxd4 Nc6 4. Qc4 Nf6 5. Nc3 Bb4 6. Bg5 O-O 7. Ne2 Re8 8. O-O-O Bxc3 9. Nxc3 Ne5 10. Qe2 h6 11. Bh4 Ng6 12. Bg3 d6 13. f3 Be6 14. Qd2 a6 15. Bf2 b5 16. g4 b4 17. Nd5 Bxd5 18. exd5 Qd7 19. h4 a5 20. g5 hxg5 21. hxg5 Nh7 22. Bd3 b3 23. cxb3 a4 24. Bd4 axb3 25. a3 c6 26. Qh2 Nhf8 27. f4 Rec8 28. f5 cxd5+ 29. Kb1 Rxa3 30. bxa3 Qa4 31. Qb2 Ne5 32. Bxe5 dxe5 33. Rc1 Ra8 34. Qh2 f6 35. g6 Nxg6 36. fxg6 Kf8 37. Qh8+ Ke7 38. Rc7+ Kd6 39. Qxg7 Qxa3 40. Qe7# 1-0


[Site "https://www.chess.com"]

[Event "Titled Tuesday Blitz February 07 Early 2023"]
[White "Vivas Zamora, Fabian Ernesto"]
[Black "Wilson, Elvin"]
[WhiteFideId "3902480"]
[BlackFideId "2014874"]
[WhiteElo "2346"]
[BlackElo "2183"]
[Result "1-0"]
[Round "02"]
[TimeControl "180+2"]
[Date "2023.02.07"]
[WhiteClock "0:00:14"]
[BlackClock "0:00:16"]

1. e4 e6 2. d4 d5 3. Nd2 c5 4. Ngf3 cxd4 5. Nxd4 Nc6 6. Bb5 Bd7 7. Nxc6 bxc6 8. Bd3 Qc7 9. Qe2 Bd6 10. Nf3 Ne7 11. e5 Bc5 12. O-O a5 13. c4 h6 14. Bf4 O-O 15. Rac1 Qb6 16. Bb1 f5 17. exf6 Rxf6 18. Be5 Rxf3 19. Qxf3 Rf8 20. Qg3 Rf7 21. cxd5 exd5 22. Rc2 Nf5 23. Qg6 Be8 24. Rxc5 Qxc5 25. Bxf5 d4 26. Qh7+ Kf8 27. Re1 d3 28. Bd6+ Qxd6 29. Qh8# 1-0


[Site "https://www.chess.com"]

[Event "Titled Tuesday Blitz February 07 Early 2023"]
[White "Zanette, Edgard Vinicius"]
[Black "Kochetov, Andrey"]
[WhiteFideId "2109263"]
[BlackFideId "24130532"]
[WhiteElo "2085"]
[BlackElo "2165"]
[Result "0-1"]
[Round "02"]
[TimeControl "180+2"]
[Date "2023.02.07"]
[WhiteClock "0:00:08"]
[BlackClock "0:00:16"]

1. e4 e5 2. Nf3 Nf6 3. Nc3 Nc6 4. Bb5 Bb4 5. O-O O-O 6. Bxc6 dxc6 7. Nxe5 Bxc3 8. bxc3 Re8 9. Nc4 Be6 10. Ne3 Nxe4 11. f3 Nf6 12. d3 Qd6 13. c4 Rad8 14. Kh1 h5 15. Rb1 b6 16. Re1 h4 17. Nf1 Qc5 18. Be3 Qa5 19. Qd2 Qh5 20. Qf2 Nd7 21. Nd2 Bf5 22. Ne4 Ne5 23. a4 h3 24. g4 Nxg4 25. fxg4 Bxe4+ 26. dxe4 Qxg4 27. Bf4 Rd4 28. Rg1 Qh5 29. Qg3 g6 30. Rbe1 Rexe4 31. Be5 Rxe1 32. Rxe1 Rd1 33. Qe3 Rxe1+ 34. Qxe1 Qf3+ 35. Kg1 Qg2# 0-1


[Site "https://www.chess.com"]

[Event "Titled Tuesday Blitz February 07 Early 2023"]
[White "Osmak, Yuliia"]
[Black "Van den Dikkenberg, Erik"]
[WhiteFideId "14101602"]
[BlackFideId "1005880"]
[WhiteElo "2440"]
[BlackElo "2091"]
[Result "1-0"]
[Round "02"]
[TimeControl "180+2"]
[Date "2023.02.07"]
[WhiteClock "0:00:24"]
[BlackClock "0:01:02"]

1. Nf3 c5 2. g3 g6 3. Bg2 Bg7 4. O-O Nc6 5. c4 e5 6. Nc3 d6 7. d3 Nge7 8. Bg5 Be6 9. Nd5 Bxd5 10. cxd5 Nd4 11. Bxe7 Qxe7 12. Nd2 O-O 13. e3 Nb5 14. Rb1 a5 15. Qb3 Qd7 16. a4 Na7 17. Nc4 Nc8 18. Qb5 Qe7 19. Nxa5 Rd8 20. b4 cxb4 21. Rxb4 Rd7 22. Bh3 f5 23. e4 Na7 24. Qc4 Rc8 25. Qb3 Rcc7 26. exf5 Rc5 27. f6 Bxf6 28. Bxd7 Rxa5 29. Be6+ Kg7 30. Rxb7 1-0


[Site "https://www.chess.com"]

[Event "Titled Tuesday Blitz February 07 Early 2023"]
[White "Bettalli, Francesco"]
[Black "Rudzinska, Michalina"]
[WhiteFideId "2816453"]
[BlackFideId "1172883"]
[WhiteElo "2252"]
[BlackElo "2244"]
[Result "0-1"]
[Round "02"]
[TimeControl "180+2"]
[Date "2023.02.07"]
[WhiteClock "0:00:02"]
[BlackClock "0:01:13"]

1. d4 Nf6 2. Nc3 d5 3. Bg5 Bf5 4. f3 h6 5. Bxf6 exf6 6. e4 dxe4 7. fxe4 Bg6 8. Nf3 Bb4 9. Bd3 O-O 10. O-O c5 11. d5 Nd7 12. a3 Bxc3 13. bxc3 Bh5 14. Qe1 Bxf3 15. Rxf3 Ne5 16. Rh3 Re8 17. Qg3 Kh7 18. Rf1 Qe7 19. c4 a6 20. a4 b5 21. axb5 axb5 22. cxb5 c4 23. Be2 Qc5+ 24. Kh1 Qxb5 25. Bg4 c3 26. Bf5+ g6 27. Qf4 h5 28. Rxh5+ Kg8 29. Rh3 gxf5 30. Rg3+ Kf8 31. Qxf5 Ra6 32. Rd1 Rea8 33. Qh5 Ra1 34. d6 Rxd1+ 35. Qxd1 Qe2 36. Qg1 Qxc2 37. h4 Qxe4 0-1


[Site "https://www.chess.com"]

[Event "Titled Tuesday Blitz February 07 Early 2023"]
[White "Osmonbekov, Talaibek"]
[Black "Toncheva, Nadya"]
[WhiteFideId "2017253"]
[BlackFideId "2924056"]
[WhiteElo "2137"]
[BlackElo "2295"]
[Result "0-1"]
[Round "02"]
[TimeControl "180+2"]
[Date "2023.02.07"]
[WhiteClock "0:00:22"]
[BlackClock "0:00:41"]

1. d4 d5 2. Bf4 Nf6 3. Nc3 c5 4. e3 cxd4 5. exd4 Bg4 6. f3 Bd7 7. Bd3 e6 8. Nge2 Be7 9. O-O O-O 10. Kh1 Qb6 11. Rb1 Nc6 12. a3 Rfc8 13. Qd2 Na5 14. Be5 Nc4 15. Qf4 Nxe5 16. dxe5 Ne8 17. Qg3 g6 18. h4 Ng7 19. Nf4 Qd4 20. Rbe1 Rab8 21. h5 b5 22. hxg6 hxg6 23. Nxg6 fxg6 24. f4 Be8 25. Rd1 Qb6 26. Bxg6 Bxg6 27. Qxg6 Qd8 28. Ne4 Qe8 29. Nf6+ Bxf6 30. Qxf6 Qh5+ 31. Kg1 Rxc2 32. Rd3 Qg4 33. Rf2 Rxf2 34. Kxf2 Rc8 35. Rd2 Rf8 0-1


[Site "https://www.chess.com"]

[Event "Titled Tuesday Blitz February 07 Early 2023"]
[White "Marchesich, Giovanni"]
[Black "Florescu, Codrut-Constantin"]
[WhiteFideId "2824790"]
[BlackFideId "1202200"]
[WhiteElo "2217"]
[BlackElo "2259"]
[Result "1-0"]
[Round "02"]
[TimeControl "180+2"]
[Date "2023.02.07"]
[WhiteClock "0:02:02"]
[BlackClock "0:02:28"]

1. e4 c5 2. Nf3 e6 3. c4 Nc6 4. Nc3 b6 5. Be2 Bb7 6. O-O a6 7. d4 cxd4 8. Nxd4 Qc7 9. Be3 Nf6 10. Rc1 Qe5 11. f4 Qb8 12. e5 Nxe5 13. fxe5 Qxe5 14. Bf4 Qc5 15. Kh1 e5 16. Nb3 Qc7 17. Nd5 Nxd5 18. cxd5 Qd6 19. Bg3 Bxd5 20. Bf3 1-0


[Site "https://www.chess.com"]

[Event "Titled Tuesday Blitz February 07 Early 2023"]
[White "Dushyant Sharma"]
[Black "Theytookourjobs"]
[WhiteFideId "25065130"]
[WhiteElo "2355"]
[BlackElo "2291"]
[Result "1-0"]
[Round "02"]
[TimeControl "180+2"]
[Date "2023.02.07"]
[WhiteClock "0:02:16"]
[BlackClock "0:00:15"]

1. e4 e6 2. d4 d5 3. exd5 exd5 4. Bd3 Bd6 5. Nf3 Ne7 6. O-O Bg4 7. c3 Nbc6 8. Be3 Qd7 9. Nbd2 O-O-O 10. b4 Ng6 11. a4 Nce7 12. a5 Rde8 13. b5 Nh4 14. Be2 Bxf3 15. Nxf3 Nxf3+ 16. Bxf3 Qxb5 17. Rb1 Qxa5 18. Qb3 Qa6 19. c4 c6 20. cxd5 Nxd5 21. Bxd5 cxd5 22. Qxd5 Bc7 23. Rfc1 Kb8 24. Rxc7 Kxc7 25. Bf4+ Kc8 26. Rc1+ 1-0


[Site "https://www.chess.com"]

[Event "Titled Tuesday Blitz February 07 Early 2023"]
[White "matenitian"]
[Black "Bashirli, Saadat"]
[BlackFideId "13429990"]
[WhiteElo "2479"]
[BlackElo "1571"]
[Result "1-0"]
[Round "02"]
[TimeControl "180+2"]
[Date "2023.02.07"]
[WhiteClock "0:00:14"]
[BlackClock "0:00:04"]

1. e4 c5 2. Nc3 g6 3. g3 Bg7 4. Bg2 Nc6 5. d3 e6 6. Be3 d6 7. Qd2 Nge7 8. Nge2 a6 9. O-O O-O 10. Bh6 b5 11. Bxg7 Kxg7 12. Nd1 d5 13. Qc3+ Kg8 14. Qxc5 Bb7 15. Qe3 Rc8 16. c3 b4 17. Qh6 dxe4 18. dxe4 a5 19. Ne3 Ne5 20. Rfd1 Qc7 21. h4 f5 22. Nd4 Qb6 23. exf5 Bxg2 24. Kxg2 exf5 25. Qf4 Nf7 26. c4 Rfd8 27. b3 Qf6 28. Rac1 Kg7 29. h5 Rc5 30. hxg6 hxg6 31. Ne2 g5 32. Qf3 Ne5 33. Qb7 Rxd1 34. Rxd1 Nf7 35. Rd7 Re5 36. Rxe7 Rxe7 37. Qxe7 Qxe7 38. Nxf5+ Kf6 39. Nxe7 Kxe7 40. Kf3 Ke6 41. Ke3 Ne5 42. f4 gxf4+ 43. gxf4 Ng4+ 44. Kd4 Nf2 45. Ng3 Nd1 46. f5+ Kf6 47. c5 Nc3 48. c6 Ke7 49. Ne4 Nxa2 50. f6+ Ke6 51. c7 Kd7 52. f7 Kxc7 53. f8=Q a4 54. Qd6+ Kb7 55. Nc5+ Ka7 56. Qa6+ Kb8 57. Qb7# 1-0


[Site "https://www.chess.com"]

[Event "Titled Tuesday Blitz February 07 Early 2023"]
[White "Sovetbekova, Nurai"]
[Black "Karwowski, Kacper"]
[WhiteFideId "13801910"]
[BlackFideId "1126032"]
[WhiteElo "1764"]
[BlackElo "2164"]
[Result "0-1"]
[Round "02"]
[TimeControl "180+2"]
[Date "2023.02.07"]
[WhiteClock "0:01:07"]
[BlackClock "0:01:27"]

1. d4 d5 2. c4 c6 3. Nf3 Nf6 4. g3 dxc4 5. Bg2 b5 6. O-O Bb7 7. Ne5 Qc8 8. a4 a6 9. b3 cxb3 10. Qxb3 e6 11. Bg5 Nfd7 12. Rc1 Nxe5 13. dxe5 b4 14. a5 Nd7 15. Nd2 h6 16. Bf4 Be7 17. Ne4 O-O 18. Nd6 Bxd6 19. exd6 c5 20. Bxb7 Qxb7 21. Be3 Rfc8 22. Rc2 Qd5 23. Qa4 Qc6 24. Qb3 Qxd6 25. Rd2 Qe7 26. Rc1 Rab8 27. Qc4 Rb5 28. Rcd1 Nf6 29. Bf4 e5 30. Be3 b3 31. Rb2 Qe6 32. Qc3 c4 33. Rc1 Nd5 34. Qd2 c3 35. Qd3 cxb2 0-1


[Site "https://www.chess.com"]

[Event "Titled Tuesday Blitz February 07 Early 2023"]
[White "Tokman, Ariel"]
[Black "Rosh Jain"]
[WhiteFideId "117420"]
[BlackFideId "25789465"]
[WhiteElo "2330"]
[BlackElo "2248"]
[Result "1-0"]
[Round "02"]
[TimeControl "180+2"]
[Date "2023.02.07"]
[WhiteClock "0:00:05"]
[BlackClock "0:00:02"]

1. e4 c5 2. Nf3 d6 3. c3 Nf6 4. Bd3 a6 5. a4 Nbd7 6. h3 g6 7. O-O Bg7 8. Re1 O-O 9. Bf1 Ne5 10. Nxe5 dxe5 11. Na3 Be6 12. Nc4 Nd7 13. a5 Qc7 14. Ne3 Rfd8 15. Qa4 Rac8 16. Nd5 Bxd5 17. exd5 Nf6 18. c4 e4 19. g3 Qe5 20. d3 Qf5 21. Qc2 exd3 22. Qxd3 Qxd3 23. Bxd3 e6 24. Bg5 exd5 25. Re7 dxc4 26. Bxc4 Rf8 27. Rxb7 h6 28. Bxf6 Bxf6 29. Bxa6 Rb8 30. Rb6 Rxb6 31. axb6 Rb8 32. b7 Bxb2 33. Rb1 Bd4 34. Rb6 Kg7 35. Rc6 g5 36. Rc7 Kg6 37. Bd3+ f5 38. g4 Kf6 39. Bxf5 Ke5 40. Kg2 Kf4 41. Bc8 Ke4 42. Rc6 Kd3 43. Rxh6 c4 44. Rd6 c3 45. Rd8 1-0


[Site "https://www.chess.com"]

[Event "Titled Tuesday Blitz February 07 Early 2023"]
[White "Antonio, Jorge Carlos"]
[Black "Buksa, Nataliya"]
[WhiteFideId "113190"]
[BlackFideId "14123622"]
[WhiteElo "2277"]
[BlackElo "2406"]
[Result "1-0"]
[Round "02"]
[TimeControl "180+2"]
[Date "2023.02.07"]
[WhiteClock "0:00:25"]
[BlackClock "0:00:05"]

1. d4 d5 2. Nf3 e6 3. Bf4 Nf6 4. e3 Be7 5. c3 O-O 6. Bd3 c5 7. Ne5 Nbd7 8. Nd2 Re8 9. h4 Nf8 10. h5 b6 11. Qf3 Bb7 12. Qg3 Ne4 13. Nxe4 dxe4 14. Bb5 Bf6 15. Bxe8 Qxe8 16. Ng4 Nd7 17. h6 g6 18. Nxf6+ Nxf6 19. Be5 Nd7 20. c4 f6 21. Bd6 cxd4 22. exd4 Rc8 23. b3 g5 24. O-O Qg6 25. a4 f5 26. Be5 Qxh6 27. Bf4 Kf7 28. Qxg5 Qxg5 29. Bxg5 e5 30. dxe5 Nxe5 31. a5 b5 32. cxb5 Rc5 33. a6 Ba8 34. Rfc1 Rxb5 35. Rc7+ Kg6 36. Be3 Rxb3 37. Rxa7 Bd5 38. Re7 Nc4 39. a7 Nxe3 40. fxe3 Rxe3 41. a8=Q Bxa8 42. Rxa8 Rb3 43. Rg8+ Kf6 44. Rxh7 e3 45. Re8 f4 46. Rhe7 Rb2 47. Re4 Kf5 48. R8e5+ Kg4 49. Re8 Kf5 50. R4e5+ Kf6 51. R8e6+ Kf7 52. Rc6 Rb1+ 53. Kh2 Rb2 54. Rf5+ Kg7 55. Rxf4 e2 56. Re6 e1=Q 57. Rxe1 Kg6 58. Re3 Kg5 59. Ref3 Ra2 60. Rf8 Kg4 61. Rg8+ 1-0


[Site "https://www.chess.com"]

[Event "Titled Tuesday Blitz February 07 Early 2023"]
[White "Fan_Of_Chucky"]
[Black "Pein, Jonathan"]
[BlackFideId "417092"]
[WhiteElo "2269"]
[BlackElo "2265"]
[Result "0-1"]
[Round "02"]
[TimeControl "180+2"]
[Date "2023.02.07"]
[WhiteClock "0:00:26"]
[BlackClock "0:01:05"]

1. d4 d6 2. c4 g6 3. Nf3 Bg7 4. g3 e5 5. dxe5 dxe5 6. Qxd8+ Kxd8 7. Ng5 Ke8 8. Bg2 h6 9. Ne4 f5 10. Nc5 c6 11. Nc3 Ne7 12. O-O e4 13. f3 Bd4+ 14. Kh1 Bxc5 15. fxe4 Na6 16. a3 Bd4 17. exf5 Nxf5 18. Ne4 Nc5 19. Bf4 Nxe4 20. Bxe4 Bxb2 21. Rab1 Bxa3 22. g4 Ne7 23. h3 Bc5 24. Be5 Rg8 25. Bc7 a5 26. Bc2 a4 27. Rbd1 Be6 28. Bxa4 Bxc4 29. Rc1 Rxa4 30. Rb1 Bd5+ 31. Kh2 b5 32. e3 Kd7 33. Bf4 g5 34. Bg3 Ra2+ 0-1


[Site "https://www.chess.com"]

[Event "Titled Tuesday Blitz February 07 Early 2023"]
[White "Danielyan, Vahe"]
[Black "Smietanska, Wiktoria"]
[WhiteFideId "13304828"]
[BlackFideId "21869359"]
[WhiteElo "2346"]
[BlackElo "1936"]
[Result "1-0"]
[Round "02"]
[TimeControl "180+2"]
[Date "2023.02.07"]
[WhiteClock "0:01:12"]
[BlackClock "0:00:04"]

1. d4 Nf6 2. c4 g6 3. Nc3 Bg7 4. e4 d6 5. Be2 O-O 6. Nf3 e5 7. O-O Nc6 8. d5 Ne7 9. Ne1 Nd7 10. Be3 f5 11. f3 Nf6 12. c5 f4 13. Bf2 g5 14. Nd3 h5 15. Rc1 Ng6 16. cxd6 cxd6 17. Nb5 b6 18. Rxc8 Qxc8 19. Nxd6 Qd7 20. Nf5 Bh8 21. Qb3 Nxd5 22. Nb4 Rad8 23. Nxd5 Qxd5 24. exd5 Rxf5 25. Rc1 1-0


[Site "https://www.chess.com"]

[Event "Titled Tuesday Blitz February 07 Early 2023"]
[White "Zampronha, Wladimir Camilo"]
[Black "Toczek, Grzegorz"]
[WhiteFideId "2103087"]
[BlackFideId "1106457"]
[WhiteElo "2176"]
[BlackElo "2260"]
[Result "1-0"]
[Round "02"]
[TimeControl "180+2"]
[Date "2023.02.07"]
[WhiteClock "0:01:36"]
[BlackClock "0:01:08"]

1. e4 c6 2. d4 d5 3. e5 c5 4. Nf3 Nc6 5. c4 cxd4 6. Nxd4 Nxd4 7. Qxd4 e6 8. Nc3 dxc4 9. Qxd8+ Kxd8 10. Bxc4 a6 11. O-O Kc7 12. Be3 Bd7 13. Rac1 Bc6 14. Bd3 Ne7 15. Be4 Rc8 16. Bxc6 Nxc6 17. Ne4 Be7 18. f4 g6 19. Bc5 Bxc5+ 20. Rxc5 Rhd8 21. Nd6 Rxd6 22. exd6+ Kxd6 23. Rc2 Ke7 24. Rd1 h5 25. g3 Rh8 26. Kg2 Rb8 27. a3 Kf6 28. b4 Ne7 29. Rdc1 Rd8 30. Rc7 Rd3 31. Rxb7 Rxa3 32. Rcc7 1-0


[Site "https://www.chess.com"]

[Event "Titled Tuesday Blitz February 07 Early 2023"]
[White "Mortazavi, Ali"]
[Black "Zaksaite, Salomeja"]
[WhiteFideId "401323"]
[BlackFideId "12801496"]
[WhiteElo "2333"]
[BlackElo "2283"]
[Result "1-0"]
[Round "02"]
[TimeControl "180+2"]
[Date "2023.02.07"]
[WhiteClock "0:00:57"]
[BlackClock "0:00:01"]

1. e4 c5 2. Nc3 Nc6 3. f4 g6 4. Nf3 Bg7 5. a4 a6 6. Bc4 e6 7. e5 Nge7 8. d3 d5 9. exd6 Qxd6 10. O-O Nd4 11. Ne4 Qc7 12. c3 Nxf3+ 13. Qxf3 O-O 14. a5 Bd7 15. Qg3 Nf5 16. Qf2 Rac8 17. Bd2 Bb5 18. h3 Rfd8 19. Rfd1 Rxd3 20. Bxd3 Bxd3 21. Qf3 c4 22. Be1 b6 23. Bf2 bxa5 24. Nc5 Qb8 25. Rd2 Rd8 26. Rad1 Qb5 27. Nxd3 cxd3 28. Rxd3 Rxd3 29. Qxd3 h5 30. Qxb5 axb5 31. Rd8+ Kh7 32. Ra8 b4 33. cxb4 axb4 34. b3 Bc3 35. Ra7 Kg7 36. Kf1 Bd2 37. g3 h4 38. g4 Ne3+ 39. Ke2 Nxg4 40. hxg4 h3 41. Bd4+ 1-0


[Site "https://www.chess.com"]

[Event "Titled Tuesday Blitz February 07 Early 2023"]
[White "Mamedov, Edgar"]
[Black "Alhadad, Mahmoud"]
[WhiteFideId "13739980"]
[BlackFideId "11501863"]
[WhiteElo "2193"]
[BlackElo "1840"]
[Result "0-1"]
[Round "02"]
[TimeControl "180+2"]
[Date "2023.02.07"]
[WhiteClock "0:01:29"]
[BlackClock "0:01:15"]

1. d4 d5 2. Nf3 Nc6 3. g3 Bg4 4. Bg2 e6 5. O-O Nf6 6. c4 Be7 7. b3 O-O 8. Bb2 Re8 9. Nbd2 Bf8 10. h3 Bxf3 11. Nxf3 Ne7 12. Ne5 Ng6 13. Rc1 c6 14. cxd5 exd5 15. e3 Nd7 16. Nxg6 hxg6 17. a3 Nf6 18. b4 a6 19. Qb3 Qb6 20. Bc3 Ne4 21. Rb1 Rac8 22. a4 Nxc3 23. Qxc3 Qd8 24. b5 cxb5 25. axb5 Rxc3 26. bxa6 bxa6 27. Ra1 Qd6 28. Ra5 Rec8 29. Rxd5 Qf6 30. Rd7 R8c7 31. Rd5 Rc1 0-1


[Site "https://www.chess.com"]

[Event "Titled Tuesday Blitz February 07 Early 2023"]
[White "Vaglio Munoz, Jaime"]
[Black "Herman, Daniel"]
[WhiteFideId "6500145"]
[BlackFideId "30935008"]
[WhiteElo "2174"]
[BlackElo "1956"]
[Result "1-0"]
[Round "02"]
[TimeControl "180+2"]
[Date "2023.02.07"]
[WhiteClock "0:00:38"]
[BlackClock "0:00:06"]

1. d4 g6 2. e4 Bg7 3. f3 d6 4. Bg5 c5 5. c3 cxd4 6. cxd4 Qb6 7. Ne2 Qxb2 8. Nbc3 Nf6 9. Rb1 Qa3 10. e5 dxe5 11. dxe5 Nfd7 12. Nb5 Qa5+ 13. Bd2 Qd8 14. f4 O-O 15. Ng3 a6 16. Nc3 Nc5 17. Bc4 Nd3+ 18. Ke2 Bg4+ 19. Ke3 Bxd1 20. Rbxd1 Nc5 21. Bc1 Qb6 22. Nd5 Qa7 23. Nxe7+ Kh8 24. Kf3 Nc6 25. Nd5 Ne6 26. Be3 Ncd4+ 27. Kf2 Rac8 28. Bb3 Rfd8 29. Ne2 Qc5 30. Nxd4 Nxd4 31. Bxd4 Qa3 32. Ba1 Bf8 33. e6+ Bg7 34. e7 Re8 35. Bxg7+ Kxg7 36. Rhe1 Qc5+ 37. Kf1 b5 38. Re2 a5 39. Rc2 Qd6 40. Rxc8 Rxc8 41. Re1 Re8 42. a4 bxa4 43. Ba2 a3 44. Re2 a4 45. g3 h5 46. Kf2 Qc5+ 47. Kf3 Qd4 48. g4 hxg4+ 49. Kxg4 Qg1+ 50. Kf3 Qh1+ 51. Kg3 Qc1 52. Kf2 Qc5+ 53. Kf3 f6 54. f5 gxf5 55. Rg2+ Kh7 56. Re2 Qd4 57. Nf4 Qc3+ 58. Re3 Qd4 59. Re2 Qb2 60. Bf7 Rxe7 61. Rxe7 a2 62. Bxa2+ Kh6 63. Bg8 Qb3+ 64. Bxb3 axb3 65. Rb7 1-0


[Site "https://www.chess.com"]

[Event "Titled Tuesday Blitz February 07 Early 2023"]
[White "Khamdamova, Afruza"]
[Black "Ciuffoletti, Paolo"]
[WhiteFideId "14210444"]
[BlackFideId "807630"]
[WhiteElo "2162"]
[BlackElo "2106"]
[Result "0-1"]
[Round "02"]
[TimeControl "180+2"]
[Date "2023.02.07"]
[WhiteClock "0:00:12"]
[BlackClock "0:00:30"]

1. e4 c5 2. Nf3 Nc6 3. d4 cxd4 4. Nxd4 Nf6 5. Nc3 e5 6. Ndb5 d6 7. Bg5 a6 8. Na3 b5 9. Nd5 Be7 10. Bxf6 Bxf6 11. c3 O-O 12. Nc2 Rb8 13. Be2 a5 14. Nxf6+ Qxf6 15. Ne3 Ne7 16. O-O Bb7 17. Qd3 Rfd8 18. Bf3 Qg6 19. Rad1 d5 20. Nxd5 Nxd5 21. exd5 f5 22. Qxb5 Ba6 23. Qxa5 Bxf1 24. Kxf1 e4 25. Be2 Qd6 26. b4 Qxh2 27. f3 e3 28. Bc4 Qh1+ 29. Ke2 Qxg2+ 30. Kd3 Qxf3 31. Re1 Qe4+ 32. Ke2 Qxc4+ 0-1


[Site "https://www.chess.com"]

[Event "Titled Tuesday Blitz February 07 Early 2023"]
[White "Onslow, Alfie"]
[Black "Ramirez Allo, Eduardo"]
[WhiteFideId "436976"]
[BlackFideId "2224178"]
[WhiteElo "2157"]
[BlackElo "2274"]
[Result "1-0"]
[Round "02"]
[TimeControl "180+2"]
[Date "2023.02.07"]
[WhiteClock "0:00:10"]
[BlackClock "0:00:03"]

1. e4 c5 2. Nc3 d6 3. d4 cxd4 4. Qxd4 Nf6 5. b3 Nc6 6. Qd2 e6 7. Bb2 Be7 8. O-O-O O-O 9. f3 a6 10. g4 b5 11. Kb1 b4 12. Nce2 a5 13. h4 a4 14. h5 axb3 15. cxb3 Nd7 16. h6 g6 17. Nd4 Nxd4 18. Qxd4 e5 19. Qxb4 Qc7 20. Qd2 Ba6 21. Ne2 Rfc8 22. Nc3 Nb6 23. f4 Qa7 24. fxe5 dxe5 25. Bxa6 Qxa6 26. Rhf1 Bb4 27. Rf3 Ra7 28. Rd3 Bf8 29. g5 Be7 30. Rf1 Rac7 31. Rdf3 Bc5 32. Nd5 Nxd5 33. Qxd5 Ra7 34. a4 Rf8 35. Qxe5 f6 36. Qd5+ Kh8 37. Rxf6 Qxf1+ 38. Rxf1+ Rf6 39. Bxf6+ Rg7 40. Bxg7# 1-0


[Site "https://www.chess.com"]

[Event "Titled Tuesday Blitz February 07 Early 2023"]
[White "Aarav Dengla"]
[Black "Nissinen, Niilo Man"]
[WhiteFideId "45059756"]
[BlackFideId "30950767"]
[WhiteElo "2343"]
[BlackElo "1958"]
[Result "1-0"]
[Round "02"]
[TimeControl "180+2"]
[Date "2023.02.07"]
[WhiteClock "0:00:13"]
[BlackClock "0:00:03"]

1. e4 c5 2. Nf3 Nc6 3. d4 cxd4 4. Nxd4 Nf6 5. Nc3 e5 6. Nb3 Bb4 7. Bd3 d5 8. exd5 Nxd5 9. Bd2 Nxc3 10. bxc3 Bd6 11. c4 O-O 12. c5 Bc7 13. O-O e4 14. Bb5 Nd4 15. Nxd4 Qxd4 16. Rb1 Qxc5 17. Bb4 Qe5 18. g3 Rd8 19. Qe2 Qg5 20. h4 Qg6 21. Rfe1 Bb6 22. Kg2 Qf5 23. Rh1 Be6 24. a4 e3 25. f3 a5 26. Bd3 Qf6 27. Ba3 Rac8 28. Rxb6 Bh3+ 29. Rxh3 Qxb6 30. h5 Qb1 31. Rh1 Qa2 32. Bc1 Rxd3 33. Qxd3 Rxc2+ 34. Kh3 Qe6+ 35. g4 Qc8 36. Bxe3 Rc3 37. Qe4 f5 38. gxf5 Rc4 39. Qd5+ Kh8 40. Rd1 h6 41. Qd8+ Qxd8 42. Rxd8+ Kh7 43. Rd7 Rxa4 44. Rxb7 Ra3 45. Bd4 Rxf3+ 46. Kg4 Rd3 47. Rxg7+ Kh8 48. Rd7+ Kg8 49. f6 a4 50. f7+ Kf8 51. Bc5+ 1-0


[Site "https://www.chess.com"]

[Event "Titled Tuesday Blitz February 07 Early 2023"]
[White "Ardila, Oscar Humberto"]
[Black "Kuzmin, Roman"]
[WhiteFideId "4404742"]
[BlackFideId "44134932"]
[WhiteElo "1982"]
[BlackElo "2198"]
[Result "0-1"]
[Round "02"]
[TimeControl "180+2"]
[Date "2023.02.07"]
[WhiteClock "0:00:11"]
[BlackClock "0:00:16"]

1. d4 h6 2. c4 e6 3. Nc3 d5 4. Nf3 Nf6 5. e3 c6 6. Bd3 Nbd7 7. O-O Bd6 8. Qc2 O-O 9. b3 dxc4 10. bxc4 e5 11. dxe5 Nxe5 12. Nxe5 Bxe5 13. Rd1 Qe7 14. h3 b6 15. Bb2 Bb7 16. Ne2 Rfd8 17. Bf5 c5 18. Nc3 a6 19. Rxd8+ Rxd8 20. Rd1 Bc7 21. Rxd8+ Qxd8 22. e4 g6 23. Bg4 Nxg4 24. hxg4 Qh4 25. g3 Qxg4 26. Nd5 Bxd5 27. exd5 Bd8 28. Qc3 f6 29. Qb3 Qd7 30. Qd3 Kf7 31. Qe3 Kg7 32. Bc1 g5 33. Qd3 f5 34. Bb2+ Bf6 35. Bxf6+ Kxf6 36. Qc3+ Kg6 37. Qh8 b5 38. Qg8+ Kh5 39. cxb5 axb5 40. Kg2 c4 41. f3 c3 42. Qe6 Qxe6 43. dxe6 Kg6 44. Kf2 c2 0-1


[Site "https://www.chess.com"]

[Event "Titled Tuesday Blitz February 07 Early 2023"]
[White "Tymrakiewicz, Rafal"]
[Black "Smith, Garrett L"]
[WhiteFideId "1108832"]
[BlackFideId "2024829"]
[WhiteElo "2144"]
[BlackElo "2047"]
[Result "1-0"]
[Round "02"]
[TimeControl "180+2"]
[Date "2023.02.07"]
[WhiteClock "0:00:32"]
[BlackClock "0:00:33"]

1. d4 Nf6 2. Bg5 d5 3. e3 c5 4. c3 e6 5. Nd2 Nc6 6. f4 Be7 7. Bd3 h6 8. Bxf6 Bxf6 9. Ngf3 c4 10. Bc2 Bd7 11. O-O b5 12. Ne5 a5 13. a3 O-O 14. e4 Nxe5 15. fxe5 Bg5 16. exd5 exd5 17. Nf3 Be3+ 18. Kh1 Qe7 19. Qe2 Bg5 20. g3 Qe6 21. Nxg5 hxg5 22. Bf5 Qe7 23. Bc2 f5 24. Qh5 b4 25. g4 Be8 26. Qh3 g6 27. gxf5 gxf5 28. Bxf5 1-0


[Site "https://www.chess.com"]

[Event "Titled Tuesday Blitz February 07 Early 2023"]
[White "Clawitter, Craig"]
[Black "Ronka, Erik"]
[WhiteFideId "2023105"]
[BlackFideId "505080"]
[WhiteElo "2050"]
[BlackElo "2276"]
[Result "1-0"]
[Round "02"]
[TimeControl "180+2"]
[Date "2023.02.07"]
[WhiteClock "0:00:15"]
[BlackClock "0:00:37"]

1. e4 c6 2. d4 d5 3. e5 Bf5 4. Nf3 e6 5. Be2 c5 6. Be3 Qb6 7. Nc3 Nc6 8. O-O Qxb2 9. Qe1 cxd4 10. Bxd4 Nxd4 11. Nxd4 Bb4 12. Rb1 Qxc3 13. Rxb4 Qxe1 14. Rxe1 Bg6 15. Rxb7 Ne7 16. Reb1 Nc8 17. Bb5+ Kf8 18. Bc6 h6 19. Rc7 Kg8 20. Bxa8 Kh7 21. Rb8 Nb6 22. Rxh8+ Kxh8 23. Rxa7 Nc4 24. f4 Be4 25. Kf2 g5 26. g3 gxf4 27. gxf4 Kg7 28. Nxe6+ Kg6 29. Nd4 Kh5 30. Rxf7 Kg4 31. e6 Nd6 32. e7 Bg6 33. Rg7 Ne4+ 34. Ke3 Kh5 35. Rxg6 Kxg6 36. e8=Q+ Kf6 37. Qxe4 dxe4 38. Bxe4 h5 39. Nf3 h4 40. a4 h3 41. a5 Kg7 42. a6 Kh6 43. a7 Kh5 44. a8=Q Kg4 45. Qg8+ Kh5 46. Qg5# 1-0


[Site "https://www.chess.com"]